 Dungeon Crawl Stone Soup version 0.26-a0-519-gb2f46ef (webtiles) character file.

Game seed: 6058410377922738953

22 sauken the Grasshopper (level 2, -2/24 HPs)
             Began as a Barachi Warper on Aug 11, 2020.
             Slain by a worker ant (7 damage)
             ... on level 5 of the Dungeon.
             The game lasted 00:02:31 (761 turns).

sauken the Grasshopper (Barachi Warper)              Turns: 761, Time: 00:02:31

Health: -2/24      AC:  5    Str: 12    XL:     2   Next: 91%
Magic:  5/5        EV: 12    Int:  8    God:
Gold:   33         SH:  0    Dex: 11    Spells: 3/5 levels left

rFire    . . .     SeeInvis .     - Unarmed
rCold    . . .     Faith    .   (no shield)
rNeg     . . .     Spirit   .   a - +0 leather armour
rPois    .         Reflect  .   b - +1 helmet of the Lotus Blossom {MR+++ Regen+ rCorr Int-5}
rElec    .         Harm     .   (no cloak)
rCorr    +                      (no gloves)
MR       +++..                  (no boots)
Stlth    +.........             (no amulet)
HPRegen  0.48/turn              (no ring)
MPRegen  0.09/turn              (no ring)

@: lethally poisoned (-2 -> -3), slow
A: +LOS, swims, slowness 1, strong legs 1
a: Hop


You were on level 5 of the Dungeon.
You visited 1 branch of the dungeon, and saw 5 of its levels.

You collected 33 gold pieces.

Inventory:

Missiles
 f - 14 sling bullets
 k - a javelin (quivered)
Armour
 a - a +0 leather armour (worn)
 b - the +1 helmet of the Lotus Blossom (worn) {MR+++ Regen+ rCorr Int-5}
   (You found it on level 4 of the Dungeon)

   It affects your intelligence (-5).
   It affects your resistance to hostile enchantments.
   It increases your rate of regeneration.
   It provides partial protection from all sources of acid and corrosion.
 g - a +0 helmet
Scrolls
 c - a scroll of blinking {!r}
 t - a scroll of teleportation
Potions
 d - a potion of mutation {unknown}
 e - a potion of curing
 j - a potion of heal wounds {unknown}


   Skills:
 + Level 3.0 Fighting
 - Level 1.0 Throwing
 - Level 1.2 Armour
 - Level 2.1 Dodging
 * Level 3.2 Unarmed Combat
 - Level 2.1 Spellcasting
 - Level 3.2 Translocations


You had 3 spell levels left.
You knew the following spells:

 Your Spells              Type           Power        Failure   Level
b - Blink                 Tloc           N/A          17%         2

Your spell library contained the following spells:

 Spells                   Type           Power        Failure   Level
 Gell's Gravitas          Tloc           #.........   34%         3
 Lesser Beckoning         Tloc           #.........   34%         3
 Teleport Other           Tloc           #.......     34%         3
 Passage of Golubria      Tloc           N/A          75%         4


Dungeon Overview and Level Annotations

Branches:
Dungeon (5/15)
 Temple: D:4-7

Altars:


Innate Abilities, Weirdness & Mutations

You can be seen from farther away. (+LOS)
You can swim through water.
You cover ground slowly.
You can hop short distances.


Message History

You take 6 damage, and have 11/24 hp.
GAME OVER YEAH!!
Throwing (i - inventory)
k - 3 javelins (quivered)
Aim: a worker ant (moderately wounded)
You throw a javelin.
The javelin pierces through the worker ant!
The worker ant bites you.
* * * LOW HITPOINT WARNING * * *
The worker ant barely misses you.
You take 6 damage, and have 5/24 hp.
GAME OVER YEAH!!
Unknown command.
Throwing (i - inventory)
k - 2 javelins (quivered)
Aim: a worker ant (almost dead)
You throw a javelin.
The javelin closely misses the worker ant.
You feel sick.
The worker ant bites you but does no damage.
The worker ant bites you!
You die...

## #.#
#######.##
#........#
#.@...#
#..a...#
#........#
#...........
...>...(....
.........###.
.........##
.........##
#.....(.###

Skill      XL: |  1  2 |
---------------+-------+-----
Unarmed Combat | 3 |  3.2
Fighting       | 3 |  3.0
Throwing       | |  1.0
Armour         | |  1.2
Dodging        | |  2.1
Spellcasting   | |  2.1
Translocations | |  3.2

Notes
Turn   | Place    | Note
-------+----------+-------------------------------------------
     0 | D:1      | sauken the Barachi Warper began the quest for the Orb.
     0 | D:1      | Reached XP level 1. HP: 17/17 MP: 3/3
   271 | D:3      | Reached XP level 2. HP: 15/23 MP: 5/5
   275 | D:3      | Learned a level 2 spell: Blink
   573 | D:3      | Reached skill level 3 in Unarmed Combat
   671 | D:4      | Reached skill level 3 in Fighting
   725 | D:4      | Got a slimy helmet
   731 | D:4      | Identified the +1 helmet of the Lotus Blossom {MR+++ Regen+
                  | rCorr Int-5} (You found it on level 4 of the Dungeon)
   756 | D:5      | Entered Level 5 of the Dungeon
   760 | D:5      | HP: 5/24 [worker ant (6)]
   761 | D:5      | Slain by a worker ant

Table legend: (Time is in decaauts)
 A = Elapsed time spent in this place.
 B = Non-inter-level travel time spent in this place.
 C = Inter-level travel time spent in this place.
 D = Time resting spent in this place.
 E = Time spent auto-exploring this place.
 F = Levels seen in this place.
 G = Mean time per level.
                   A        B        C        D        E       F      G
               +--------+--------+--------+--------+--------+-----+--------+
         Total |    826 |    826 |      0 |    347 |      0 |   5 |  165.2 |
       Dungeon |    826 |    826 |      0 |    347 |      0 |   5 |  165.2 |
               +--------+--------+--------+--------+--------+-----+--------+

Top non-repeatable levels by time:
     D:3: 430 daAuts
     D:4: 177 daAuts
     D:1: 172 daAuts
     D:2: 41 daAuts
     D:5: 5 daAuts

Table legend:
 A = Kills in this place as a percentage of kills in entire the game.
 B = Kills by you in this place as a percentage of kills by you in the entire game.
 C = Kills by friends in this place as a percentage of kills by friends in the entire game.
 D = Other kills in this place as a percentage of other kills in the entire game.
 E = Experience gained in this place as a percentage of experience gained in the entire game.
 F = Experience gained in this place divided by the number of levels of this place that you have seen.
                   A       B       C       D       E      F
               +-------+-------+-------+-------+-------+----------------------
         Total | 100.0 | 100.0 |   N/A |   N/A | 100.0 |   6.4
       Dungeon | 100.0 | 100.0 |   N/A |   N/A | 100.0 |   6.4
               +-------+-------+-------+-------+-------+----------------------

Action                   || total
-------------------------++-------
Melee: Unarmed           ||    44
       Punch             ||     1
Throw: Boomerang         ||     5
       Javelin           ||     5
 Abil: Hop               ||     1
  Use: Scroll            ||     3
Armor: Leather armour    ||    18
Dodge: Dodged            ||    40

Vanquished Creatures
  An adder (D:4)
  A dart slug (D:1)
  2 bats (D:3)
  A goblin (D:3)
  3 hobgoblins (D:3)
  A jackal (D:3)
  A frilled lizard (D:3)
  A rat (D:3)
11 creatures vanquished. You could see a worker ant.

Levels and vault maps discovered:
D:1:      minmay_arrival_five_plusses, layout_loops_corners,
          minmay_misc_feat_room
D:2:      layout_basic, makhleb_blood_cavern_becter,
          nemelex_xobeh_ov_fountains_minmay, nicolae_dithmenos_shadow_blocks
D:3:      layout_basic
D:4:      layout_loops_ring, chequers_serial_rivers_marsh,
          minmay_misc_feat_five, uniq_ijyb
D:5:      layout_layer_cave, lemuel_coloured_pillars_altar, kennysheep_mini,
          nicolae_overflow_crystal_walls
